 Dungeon Crawl Stone Soup version 0.25.1-8-g42b30a86e7 (webtiles) character file.

Game seed: 17234517654685473375

86 Clowwww the Skirmisher (level 4, -2/35 HPs)
             Began as a Demonspawn Fighter on Dec 5, 2020.
             Slain by Crazy Yiuf
             ... wielding a +4 quarterstaff of chaos
              (9 damage)
             ... on level 2 of the Dungeon.
             The game lasted 00:02:53 (1479 turns).

Clowwww the Skirmisher (Demonspawn Fighter)         Turns: 1479, Time: 00:02:54

Health: -2/35      AC:  6    Str: 17    XL:     4   Next: 26%
Magic:  4/4        EV:  7    Int:  9    God:
Gold:   157        SH:  9    Dex: 13    Spells: 3/3 levels left

rFire    . . .     SeeInvis .   a - +0 war axe
rCold    . . .     Gourm    .   c - +0 kite shield
rNeg     . . .     Faith    .   b - +0 scale mail
rPois    .         Spirit   .   (no helmet)
rElec    .         Reflect  .   (no cloak)
rCorr    .         Harm     .   (no gloves)
MR       .....                  (no boots)
Stlth    ..........             (no amulet)
HPRegen  0.11/turn              (no ring)
MPRegen  0.09/turn              (no ring)

@: mighty, lethally poisoned (-2 -> -15)
A: talons 1, demonic guardian 1, spiny 1
a: no special abilities


You were on level 2 of the Dungeon.
You were not hungry.

You visited 1 branch of the dungeon, and saw 2 of its levels.

You collected 157 gold pieces.

Inventory:

Hand Weapons
 a - a +0 war axe (weapon)
Armour
 b - a +0 scale mail (worn)
 c - a +0 kite shield (worn)
Jewellery
 o - an uncursed ring of flight {unknown}
Scrolls
 e - 5 scrolls of identify {unknown}
 g - a scroll of enchant weapon {unknown}
 j - 2 scrolls of remove curse {unknown}
 k - 3 scrolls of immolation {unknown}
 m - 2 scrolls of amnesia {unknown}
 n - a scroll of random uselessness {unknown}
 p - 2 scrolls of teleportation {unknown}
 q - 2 scrolls of blinking {unknown}
Potions
 i - a potion of magic {unknown}
 l - a potion of resistance {unknown}
Comestibles
 f - 3 rations
 h - 2 chunks of flesh


   Skills:
 + Level 3.4 Fighting
 + Level 2.5 Axes
 + Level 3.3 Armour
 + Level 1.1 Dodging
 + Level 3.0 Shields


You had 3 spell levels left.
You didn't know any spells.
Your spell library was empty.

Dungeon Overview and Level Annotations

Branches:
Dungeon (2/15)

Altars:
Cheibriados
Makhleb
Sif Muna

Annotations:
D:2 Crazy Yiuf


Innate Abilities, Weirdness & Mutations

You have sharp toenails.
A weak demonic guardian rushes to your aid.
You are partially covered in sharp spines.


Message History

The floor.
Unknown command.
You open the door.
Crazy Yiuf hits you with a +4 quarterstaff of chaos!
You closely miss Crazy Yiuf. You claw Crazy Yiuf, but do no damage.
Your white imp gestures at Crazy Yiuf.
The puff of frost hits Crazy Yiuf.
Crazy Yiuf completely misses your white imp.
You hit Crazy Yiuf but do no damage.
Crazy Yiuf is moderately wounded.
Your white imp misses Crazy Yiuf.
Crazy Yiuf hits you with a +4 quarterstaff of chaos!
* * * LOW HITPOINT WARNING * * *
You are lethally poisoned!
You feel very mighty all of a sudden.
* * * LOW HITPOINT WARNING * * *
You feel sick.
Your white imp closely misses Crazy Yiuf.
Crazy Yiuf hits you with a +4 quarterstaff of chaos!
You die...

.###.......####....#
.###.......# #....#
.##........# ♣....♣
###.###....# ♣♣...♣
###'###....# ♣♣.♣♣
#≈≈.≈≈##...# ♣♣.♣
≈≈≈.≈≈≈##### ♣.♣♣
≈≈...≈≈# ♣♣.♣
≈≈._.≈≈# ♣@♣♣
≈≈...≈≈# #g#
≈≈≈≈≈≈≈##### ..5
#≈≈≈≈≈##...# #...#
#######....# #)..#
###........# #####
..'........#
.##........#
.##........#


You could see Crazy Yiuf and a friendly white imp (summoned).

Vanquished Creatures
  A worker ant (D:2)
  An adder (D:2)
  4 dart slugs (D:2)
  A leopard gecko (D:1)
  A ball python (D:1)
  3 bats
  A giant cockroach (D:1)
  3 goblins
  4 hobgoblins
  10 jackals
  3 frilled lizards
  3 kobolds
  9 rats
44 creatures vanquished.

Notes
Turn   | Place    | Note
-------+----------+-------------------------------------------
     0 | D:1      | Clowwww the Demonspawn Fighter began the quest for the Orb.
     0 | D:1      | Reached XP level 1. HP: 18/18 MP: 1/1
    91 | D:1      | Gained mutation: You are partially covered in sharp spines.
                  | [demonic ancestry]
    91 | D:1      | Reached XP level 2. HP: 6/24 MP: 2/2
   726 | D:2      | Gained mutation: You have sharp toenails. [demonic
                  | ancestry]
   726 | D:2      | Reached XP level 3. HP: 17/29 MP: 3/3
  1179 | D:2      | Found a snail-covered altar of Cheibriados.
  1252 | D:2      | Found a burning altar of Makhleb.
  1258 | D:2      | Reached skill level 1 in Dodging
  1258 | D:2      | Gained mutation: A weak demonic guardian rushes to your
                  | aid. [demonic ancestry]
  1258 | D:2      | Reached XP level 4. HP: 25/35 MP: 4/4
  1451 | D:2      | Found a shimmering blue altar of Sif Muna.
  1472 | D:2      | Found a runed translucent door.
  1473 | D:2      | Noticed Crazy Yiuf
  1479 | D:2      | Slain by Crazy Yiuf

Illustrated notes

Levels and vault maps discovered:
D:1:      minmay_arrival_four_houses, layout_basic
D:2:      layout_basic, lightli_temple_of_fire, led_sif_pool,
          kennysheep_slug_shrine, uniq_crazy_yiuf_cottage, uniq_natasha

Skill      XL: |  1  2  3 |
---------------+----------+-----
Armour         | 3 |  3.3
Axes           | 2 |  2.5
Shields        | 3 |  3.0
Dodging        | 1 |  1.1
Fighting       | |  3.4

Action                   |  1- 3 |  4- 6 || total
-------------------------+-------+-------++-------
Melee: War axe           |    76 |    10 ||    86
       Kick              |     7 |     2 ||     9
  Use: Potion            |       |     1 ||     1
  Eat: Chunk             |     1 |     1 ||     2
Armor: Scale mail        |    50 |     2 ||    52
Dodge: Dodged            |    26 |     3 ||    29
Block: Kite shield       |    46 |     7 ||    53
